 Dungeon Crawl Stone Soup version 0.24-a0-181-gd121a6d (webtiles) character file.

Game seed: 2917367418654398947

564 galech the Skirmisher (level 7, 30/55 HPs)
             Began as a Demonspawn Fighter on Mar 14, 2019.
             Quit the game on level 4 of the Dungeon.
             The game lasted 00:04:07 (3033 turns).

galech the Skirmisher (Demonspawn Fighter)          Turns: 3033, Time: 00:04:08

Health: 30/55      AC:  8    Str: 17    XL:     7   Next: 10%
Magic:  7/7        EV:  8    Int:  9    God:
Gold:   297        SH:  9    Dex: 16    Spells: 6/6 levels left

rFire    + . .     SeeInvis .   a - +0 war axe
rCold    x . .     Gourm    .   c - +0 shield
rNeg     . . .     Faith    .   b - +0 scale mail
rPois    .         Spirit   .   (helmet restricted)
rElec    .         Reflect  .   (no cloak)
rCorr    .         Harm     .   k - +0 pair of gloves
MR       .....                  (no boots)
Stlth    ..........             (no amulet)
HPRegen  0.18/turn              e - +2 ring of dexterity
MPRegen  0.10/turn              w - ring of fire

@: mildly poisoned (30 -> 26)
A: horns 1, talons 2, powered by pain 1, spiny 1
a: no special abilities


You were on level 4 of the Dungeon.
You were not hungry.

You visited 1 branch of the dungeon, and saw 4 of its levels.

You collected 297 gold pieces.

Inventory:

Hand Weapons
 a - a +0 war axe (weapon)
Armour
 b - a +0 scale mail (worn)
 c - a +0 shield (worn)
 k - a +0 pair of gloves (worn)
Jewellery
 e - a +2 ring of dexterity (left hand)
 w - a ring of fire (right hand)
Scrolls
 d - a scroll of fog {unknown}
 i - 5 scrolls of identify {unknown}
 j - 3 scrolls of magic mapping {unknown}
 m - a scroll of fear {unknown}
 o - a scroll of blinking {unknown}
 r - 2 scrolls of teleportation {unknown}
 u - 2 scrolls of amnesia {unknown}
Potions
 g - a potion of resistance
 h - a potion of berserk rage {unknown}
 l - a potion of lignification {unknown}
 n - a potion of brilliance {unknown}
 p - a potion of curing {unknown}
 q - a potion of flight {unknown}
 s - a potion of degeneration {unknown}
 t - 2 potions of agility {unknown}
 x - a potion of ambrosia {unknown}
 z - a potion of heal wounds {unknown}
Comestibles
 f - 9 rations
 v - a chunk of flesh


   Skills:
 + Level 4.4 Fighting
 + Level 4.4 Axes
 + Level 4.3 Armour
 + Level 1.3 Dodging
 + Level 0.3 Stealth
 + Level 3.6 Shields


You had 6 spell levels left.
You didn't know any spells.
Your spell library was empty.

Dungeon Overview and Level Annotations

Branches:
Dungeon (4/15)
 Temple: D:4-7

Altars:
Kikubaaqudgha
Qazlal
Vehumet


Innate Abilities, Weirdness & Mutations

You have a pair of small horns on your head.
You have razor-sharp toenails.
You sometimes gain a little power by taking damage.
You are partially covered in sharp spines.


Message History

The hound is almost dead.
You hit the scorpion but do no damage.
You feel sick. The hound bites you but does no damage.
You block the hound's attack. The scorpion is struck by your spines.
The scorpion stings you.
You hit the hound.
You kill the hound!
Your Dodging skill increases to level 1!
You have reached level 7!
Your demonic ancestry asserts itself...
A pair of horns grows on your head!
You hit the scorpion.
You feel sick. You block the scorpion's attack.
You hit the scorpion but do no damage. You claw the scorpion.
You kill the scorpion!
You miss the frilled lizard.
You feel sick.
The frilled lizard is struck by your spines.
You kill the frilled lizard!
No target in view!
No target in view!
No target in view!
Are you sure you want to abandon this character and quit the game? (Confirm with "yes".)

#......###....##
######..###....##
##..##.....#########
##.................
##.............### ####
#..#.............# .....
#.##..............
......#.###.............
.......@# #.............
......†## ##...........#
....... #...........#
....... ##..........#
....... #.........##
....... ##.......##
....... ##....###
....... ######
.....).....##


There were no monsters in sight!

Vanquished Creatures
  A centaur (D:3)
  2 scorpions (D:4)
  2 orc priests
  A hound (D:4)
  An orc wizard (D:4)
  Natasha (thrice) (D:2)
  A worker ant (D:4)
  3 gnolls
  5 adders
  2 worms
  A dart slug (D:2)
  3 leopard geckos
  11 orcs
  A ball python (D:3)
  7 bats
  3 giant cockroaches
  9 goblins
  7 hobgoblins
  4 jackals
  5 kobolds
  4 frilled lizards
  A leopard gecko skeleton (D:4)
  5 rats
82 creatures vanquished.

Notes
Turn   | Place    | Note
-------+----------+-------------------------------------------
     0 | D:1      | galech the Demonspawn Fighter began the quest for the Orb.
     0 | D:1      | Reached XP level 1. HP: 18/18 MP: 1/1
   190 | D:1      | Gained mutation: You have sharp toenails. [demonic
                  | ancestry]
   190 | D:1      | Reached XP level 2. HP: 24/24 MP: 2/2
   687 | D:2      | Noticed Natasha
   697 | D:2      | Killed Natasha
   697 | D:2      | Gained mutation: You sometimes gain a little power by
                  | taking damage. [demonic ancestry]
   697 | D:2      | Reached XP level 3. HP: 16/29 MP: 3/3
   764 | D:2      | Noticed Natasha
   770 | D:2      | Killed Natasha
   770 | D:2      | Gained mutation: You have razor-sharp toenails. [demonic
                  | ancestry]
   770 | D:2      | Reached XP level 4. HP: 20/35 MP: 4/4
  1014 | D:2      | Noticed Natasha
  1018 | D:2      | Killed Natasha
  1223 | D:2      | Found a radiant altar of Vehumet.
  1228 | D:2      | Found an ancient bone altar of Kikubaaqudgha.
  1303 | D:2      | Noticed a fire elemental
  1304 | D:2      | Found a stormy altar of Qazlal.
  1307 | D:2      | Noticed an air elemental
  1320 | D:2      | Noticed an earth elemental
  1320 | D:2      | Noticed a water elemental
  1466 | D:3      | Reached XP level 5. HP: 41/41 MP: 5/5
  1833 | D:3      | Noticed a centaur
  2137 | D:3      | Killed a centaur
  2148 | D:3      | Gained mutation: You are partially covered in sharp spines.
                  | [demonic ancestry]
  2148 | D:3      | Reached XP level 6. HP: 41/48 MP: 6/6
  3031 | D:4      | Reached skill level 1 in Dodging
  3031 | D:4      | Gained mutation: You have a pair of small horns on your
                  | head. [demonic ancestry]
  3031 | D:4      | Reached XP level 7. HP: 32/55 MP: 7/7
  3033 | D:4      | Quit the game

Levels and vault maps discovered:
D:1:      lemuel_arrival_hallway, layout_basic, minmay_distorted
D:2:      layout_rooms, nicolae_qazlal_style_of_elements, minitemple,
          minmay_small_reverse_x, uniq_natasha
D:3:      layout_rooms, first_ration
D:4:      layout_cave_pods, lemuel_round_altar, serial_shops, shop, shop,
          nicolae_shop_waterfront, shop

Skill      XL: |  1  2  3  4  5  6 |
---------------+-------------------+-----
Shields        | 3 |  3.6
Armour         | 3 4 |  4.3
Axes           | 2 3 4 |  4.4
Fighting       | 4 |  4.4
Dodging        | 1 |  1.3
Stealth        | |  0.3

Action                   |  1- 3 |  4- 6 |  7- 9 || total
-------------------------+-------+-------+-------++-------
Melee: War axe           |    44 |   137 |     1 ||   182
       Kick              |     6 |    45 |     1 ||    52
  Use: Potion            |       |     1 |       ||     1
  Eat: Chunk             |       |     4 |       ||     4
       Ration            |       |     1 |       ||     1
Armor: Scale mail        |    23 |    71 |       ||    94
Dodge: Dodged            |    11 |    47 |       ||    58
Block: Shield            |    17 |    82 |     1 ||   100

Table legend:
 A = Non-vault XP
 B = Vault XP
 C = Vault XP percentage of total XP
 D = Non-vault monster count
 E = Vault monster count
 F = Vault count percentage of total count
                 A         B        C        D         E       F
            +---------+---------+-------+---------+---------+-------
      Total |     752 |      54 |   6.7 |      73 |       9 |  11.0
            +---------+---------+-------+---------+---------+-------
        D:1 |      18 |       7 |  28.0 |      11 |       4 |  26.7
        D:2 |     145 |      47 |  24.5 |      21 |       5 |  19.2
        D:3 |     249 |       0 |   0.0 |      24 |       0 |   0.0
        D:4 |     340 |       0 |   0.0 |      17 |       0 |   0.0
            +---------+---------+-------+---------+---------+-------
